 Dungeon Crawl Stone Soup version 0.28-a0-1038-g9c4cb8273d (webtiles) character file.

Game seed: 1131916052523909026

13255 Jannitor the Basher (level 11, -4/87 HPs)
             Began as a Demonspawn Cinder Acolyte on Dec 8, 2021.
             Was an Elder of Ignis.
             Slain by an orc warrior (9 damage)
             ... on level 2 of the Orcish Mines.
             The game lasted 00:34:59 (21195 turns).

Jannitor the Basher (Demonspawn Cinder Acolyte)    Turns: 21195, Time: 00:35:01

Health: -4/87      AC: 22    Str: 23    XL:     11   Next: 73%
Magic:  15/21      EV:  8    Int: 18    God:    Ignis [****..]
Gold:   1492       SH:  0    Dex:  8    Spells: 19/24 levels left

rFire   + . .      SeeInvis +   I - +1 dire flail (chaos)
rCold   . . .      Faith    .   (shield currently unavailable)
rNeg    . . .      Spirit   .   h - +0 storm dragon scales
rPois   +          Reflect  .   e - +2 helmet {SInv}
rElec   +          Harm     .   (no cloak)
rCorr   .          Rampage  .   (no gloves)
Will    .....                   (no boots)
Stlth   ..........              (no amulet)
HPRegen 0.24/turn               m - ring of poison resistance
MPRegen 0.17/turn               k - +6 ring of strength

@: sanguine armoured, rising, flying
A: demonic guardian 1, sanguine armour 1, weakness stinger 1
a: Renounce Religion, Fiery Armour, Foxfire Swarm


You were on level 2 of the Orcish Mines.
You worshipped Ignis.
Ignis was greatly pleased with you.
You visited 2 branches of the dungeon, and saw 13 of its levels.
You also visited: Sewer.

You collected 2612 gold pieces.
You spent 1120 gold pieces at shops.

Inventory:

Hand Weapons
 b - a +2 flail of protection
 I - a +1 dire flail of chaos (weapon)
Armour
 e - a +2 helmet of see invisible (worn)
 h - +0 storm dragon scales (worn)
 p - a +0 robe of willpower
 J - a +0 scale mail
Jewellery
 i - a ring of wizardry
 k - a +6 ring of strength (right hand)
 m - a ring of poison resistance (left hand)
 B - a ring of wizardry
Wands
 o - a wand of polymorph (6)
 t - a wand of iceblast (2)
 E - a wand of paralysis (3)
Scrolls
 d - 2 scrolls of teleportation
 y - a scroll of amnesia
 F - a scroll of magic mapping
Potions
 c - 4 potions of might
 f - 3 potions of attraction
 j - 2 potions of flight
 l - 4 potions of curing
 q - 7 potions of degeneration
 s - a potion of invisibility {unknown}
 w - a potion of resistance {unknown}
 G - a potion of brilliance {unknown}
 K - a potion of lignification {unknown}


   Skills:
 + Level 8.3 Fighting
 * Level 10.0 Maces & Flails
 * Level 6.9 Armour
 + Level 1.0 Dodging
 + Level 7.1 Spellcasting
 - Level 6.9 Fire Magic
 + Level 2.6 Ice Magic
 + Level 3.9 Evocations


You had 19 spell levels left.
You knew the following spells:

 Your Spells              Type           Power      Damage    Failure   Level
a - Scorch                Fire           62%        2d8       6%          2
b - Frozen Ramparts       Ice            32%        1d5       56%         3

Your spell library contained the following spells:

 Spells                   Type           Power      Damage    Failure   Level
 Freeze                   Ice            64%        1d8       24%         1
 Inner Flame              Hex/Fire       18%        N/A       45%         3
 Ozocubu's Armour         Ice            16%        N/A       56%         3
 Hailstorm                Conj/Ice       11%        3d5       99%         4
 Summon Ice Beast         Ice/Summ       11%        N/A       99%         4
 Cause Fear               Hex            3%         N/A       100%        4
 Metabolic Englaciation   Hex/Ice        5%         N/A       100%        5
 Summon Mana Viper        Hex/Summ       6%         N/A       100%        5
 Simulacrum               Ice/Necr       5%         N/A       100%        6
 Monstrous Menagerie      Summ           3%         N/A       100%        7
 Discord                  Hex            3%         N/A       100%        8


Dungeon Overview and Level Annotations

Branches:
Dungeon (11/15)            Temple (0/1) D:6             Orc (2/2) D:10
    Elf (0/3) Orc:2         Sewer (visited)
   Lair: D:8-11

Altars:
Ashenzari
Cheibriados
Fedhas
Hepliaklqana
Kikubaaqudgha
Trog
Vehumet
Wu Jian
Xom
Zin
The Shining One
Beogh

Shops:
Orc:2 *

Annotations:
D:9 3 exclusions


Innate Abilities, Weirdness & Mutations

A weak demonic guardian rushes to your aid.
When seriously injured, your blood forms armour. (AC +6)
You have a small tail.


Message History

The foxfire hits the orc warrior but does no damage.
The orc warrior is moderately wounded.
The foxfire hits the orc knight but does no damage.
The orc knight is almost dead.
The foxfire hits the orc warrior but does no damage.
The orc warrior is moderately wounded.
The foxfire hits the orc warrior but does no damage.
The orc warrior is moderately wounded.
The foxfire hits the orc warrior.
The orc warrior is moderately wounded.
The foxfire hits the orc warrior but does no damage.
The orc warrior is moderately wounded.
An orc warrior comes into view. It is wielding a +0 battleaxe.
The orc knight roars a battlecry!
The orc warrior goes into a battle-frenzy!
Items here: ( )) [.
An orc warrior comes into view. It is wielding a +0 long sword.
The orc warrior shouts!
You hear a shout!
The orc warrior moves out of view.
An orc knight comes into view. It is wielding a +2 glaive of venom.
The orc warrior hits you from afar with a +0 glaive!
* * * LOW HITPOINT WARNING * * *
A demonic guardian appears!
Okay, then.
Unknown command.
Okay, then.
Unknown command.
Okay, then.
Unknown command.
Okay, then.
Unknown command.
Unknown command.
Okay, then.
You begin to rise into the air.
The orc knight roars a battlecry!
The orc warriors go into a battle-frenzy!
Your quasit barely misses the orc warrior.
Your quasit claws the orc warrior but does no damage. x2
The orc warrior hits you from afar with a +0 glaive!
You die...

........#....###.###...#
..................##..##
.................##....###
............#...#.....##.##
..........................#
.............o............# ###
......#..o.....#....#....## ##..
.................5..##.#### #...
.........)......@o)o..###.####..∩
##.......<[.)o.......o.#...##....
.#..#....)[..#...o....#.#.##.....
....#.....[.##...........)#.#....
.....#......[..........)..[o)....
...............#..........#.##.##
..........#.....#.#........#####.
.........###..........#.#..# #
...#...####.....[...........# #


You could see 2 orc knights, 4 orc warriors, an orc (strong) and a friendly
quasit (summoned).

Vanquished Creatures
  A two-headed ogre (D:10)
  An orc high priest (Orc:2)
  Pikel (D:4)
  2 orc knights
  An orc sorcerer (D:10)
  2 cyclopes
  A kobold demonologist (D:10)
  3 trolls
  Prince Ribbit (D:6)
  A wyvern (D:9)
  A shadow (D:10)
  Sigmund (D:5)
  4 yaks (D:10)
  A wraith (D:9)
  3 steam dragons (D:7)
  Menkaure (D:6)
  4 wargs
  A swamp drake (D:10)
  18 orc warriors
  8 ogres
  An ice beast (D:6)
  3 centaurs
  A necrophage (D:7)
  A lemure (D:5)
  6 kobold brigands
  3 scorpions
  A gnoll sergeant (D:9)
  A water moccasin zombie (D:5)
  A water moccasin skeleton (D:6)
  Dowan (D:6)
  6 killer bees (D:8)
  6 howler monkeys (D:10)
  3 centaur zombies
  15 orc priests
  3 hounds
  2 iguanas (D:5)
  23 orc wizards
  Natasha (twice) (D:2)
  A killer bee zombie (D:8)
  A hound skeleton (D:5)
  Robin (D:5)
  A howler monkey zombie (D:10)
  7 gnolls (D:5)
  11 adders
  A white imp (D:5)
  An ufetubus (D:5)
  4 worms
  A dart slug (D:4)
  64 orcs
  5 ball pythons
  6 bats
  6 endoplasms
  6 giant cockroaches
  16 goblins
  13 hobgoblins
  4 jackals
  62 kobolds
  3 quokkas
  6 frilled lizards
  8 rats
363 creatures vanquished.

Vanquished Creatures (collateral kills)
  Duvessa (D:6)
  Natasha (D:2)
  An orc wizard (Orc:2)
  2 gnolls (D:5)
  An orc (D:10)
  An endoplasm (D:2)
  A goblin (D:5)
  4 kobolds (D:5)
12 creatures vanquished.

Vanquished Creatures (others)
  2 orcs
  16 foxfires (Orc:2)
  29 plants
47 creatures vanquished.

Grand Total: 422 creatures vanquished

Notes
Turn   | Place    | Note
-------+----------+-------------------------------------------
     0 | D:1      | Jannitor the Demonspawn Cinder Acolyte began the quest for
                  | the Orb.
     0 | D:1      | Reached XP level 1. HP: 18/18 MP: 2/2
   651 | D:1      | Gained mutation: When seriously injured, your blood forms
                  | armour. (AC +6) [demonic ancestry]
   651 | D:1      | Reached XP level 2. HP: 24/24 MP: 3/3
   931 | D:1      | Learned a level 2 spell: Scorch
  1132 | D:1      | Found a faded altar of an unknown god.
  1145 | D:1      | Reached skill level 3 in Maces & Flails
  1430 | D:1      | Gained mutation: A weak demonic guardian rushes to your
                  | aid. [demonic ancestry]
  1430 | D:1      | Reached XP level 3. HP: 29/29 MP: 5/5
  1917 | D:2      | Noticed Natasha
  1924 | D:2      | Killed Natasha
  1925 | D:2      | Reached XP level 4. HP: 10/35 MP: 1/7
  2331 | D:2      | Noticed Natasha
  2340 | D:2      | Killed Natasha
  2360 | D:2      | Noticed Natasha
  2363 | D:2      | Killed Natasha
  2486 | D:2      | Reached XP level 5. HP: 42/42 MP: 8/8
  3393 | D:3      | Found an ancient bone altar of Kikubaaqudgha.
  3905 | D:4      | Reached skill level 1 in Armour
  3967 | D:4      | Identified 2 scrolls of acquirement
  3967 | D:4      | Acquired 876 gold pieces
  3981 | D:4      | Found a glowing drain.
  3989 | D:4      | Reached XP level 6. HP: 48/48 MP: 5/10
  4102 | Sewer    | Entered a sewer
  4319 | Sewer    | Reached skill level 4 in Maces & Flails
  4820 | D:4      | Noticed Robin
  4825 | D:5      | Entered Level 5 of the Dungeon
  4872 | D:5      | Killed Robin
  5162 | D:4      | Found a bloodstained altar of Trog.
  5455 | D:5      | Found a broken altar of Ashenzari.
  5464 | D:5      | Reached XP level 7. HP: 55/55 MP: 4/11
  5648 | D:5      | Noticed Sigmund
  5661 | D:4      | Acquired a ring of poison resistance
  5669 | D:4      | Acquired a +2 helmet of see invisible
  5686 | D:5      | Killed Sigmund
  5932 | D:5      | Reached skill level 5 in Maces & Flails
  6018 | D:5      | Found a shimmering altar of Xom.
  6276 | D:5      | Noticed Pikel
  6316 | D:4      | Killed Pikel
  6317 | D:4      | Reached skill level 5 in Fighting
  6317 | D:4      | Reached XP level 8. HP: 23/63 MP: 1/14
  7121 | D:5      | Reached skill level 5 in Fire Magic
  7361 | D:5      | Reached skill level 6 in Maces & Flails
  8068 | D:6      | Noticed Prince Ribbit
  8077 | D:6      | Killed Prince Ribbit
  8284 | D:6      | Found a staircase to the Ecumenical Temple.
  8290 | D:6      | Noticed Duvessa
  8404 | D:6      | Noticed Dowan
  8546 | D:6      | Reached XP level 9. HP: 69/69 MP: 8/15
  9131 | D:7      | Noticed a cyclops
  9862 | D:7      | Reached skill level 7 in Maces & Flails
  9862 | D:7      | Reached skill level 5 in Spellcasting
 10284 | D:6      | Killed Dowan
 10355 | D:6      | Killed Duvessa
 10464 | D:6      | Noticed Menkaure
 10480 | D:6      | Killed Menkaure
 11061 | D:7      | Killed a cyclops
 11471 | D:8      | Reached skill level 5 in Armour
 11471 | D:8      | Gained mutation: You have a small tail. [demonic ancestry]
 11471 | D:8      | Reached XP level 10. HP: 50/77 MP: 11/18
 11799 | D:8      | Found an ornate altar of the Wu Jian Council.
 11802 | D:8      | Found a snail-covered altar of Cheibriados.
 11802 | D:8      | Found a blossoming altar of Fedhas.
 11804 | D:8      | Found a radiant altar of Vehumet.
 11805 | D:8      | Found a hazy altar of Hepliaklqana.
 12036 | D:8      | Paralysed by a kobold for 2 turns
 12256 | D:8      | Reached skill level 8 in Maces & Flails
 12733 | D:9      | Noticed a manticore
 12734 | D:9      | Noticed a tengu warrior
 12737 | D:9      | Noticed a two-headed ogre
 12918 | D:9      | Identified the +5 hand axe "Reycuere" {vamp, rPois SInv}
 13140 | D:9      | Noticed a two-headed ogre
 13207 | D:10     | Entered Level 10 of the Dungeon
 13349 | D:10     | Noticed a two-headed ogre
 13359 | D:10     | Killed a two-headed ogre
 14055 | D:10     | Reached skill level 1 in Evocations
 14510 | D:10     | Found a staircase to the Orcish Mines.
 14736 | D:10     | Reached skill level 9 in Maces & Flails
 15400 | D:10     | Learned a level 3 spell: Frozen Ramparts
 15465 | Orc:1    | Entered Level 1 of the Orcish Mines
 16083 | Orc:1    | Noticed an orc sorcerer
 16091 | D:10     | Reached XP level 11. HP: 78/85 MP: 10/20
 16860 | D:10     | Killed an orc sorcerer
 17004 | D:10     | Reached skill level 1 in Ice Magic
 17189 | Orc:1    | Noticed an orc knight
 17209 | D:10     | Killed an orc knight
 18052 | Orc:2    | Entered Level 2 of the Orcish Mines
 18908 | Orc:2    | Found Soblehif's Superlative Supplies.
 19101 | Orc:2    | Bought +0 storm dragon scales for 1120 gold pieces
 19130 | Orc:1    | Noticed an orc knight
 19316 | Orc:2    | Found a staircase to the Elven Halls.
 19337 | Orc:2    | Noticed an orc knight
 19800 | Orc:1    | Killed an orc knight
 20201 | Orc:2    | Noticed an orc high priest
 20219 | Orc:2    | Killed an orc high priest
 20229 | Orc:2    | Reached skill level 10 in Maces & Flails
 20919 | Orc:2    | Reached skill level 1 in Dodging
 21194 | Orc:2    | Noticed an orc knight
 21195 | Orc:2    | Slain by an orc warrior

Illustrated notes

Levels and vault maps discovered:
D:1:      minmay_arrival_semitransparent, layout_basic, basic_ecumenical_altar,
          serial_bayou_pond_e, hangedman_decor_push, lemuel_old_faithful
D:2:      layout_loops_corners, minmay_misc_feat_secret_circle,
          serial_bayou_lake_a, uniq_natasha
D:3:      layout_loops_ring, mainiacjoe_overflow_brackets,
          kennysheep_another_room, chequers_serial_rivers_micro_a,
          bh_walls_and_bars
D:4:      layout_rooms, trog_book, cheibrodos_sewer_entry_sluice,
          grunt_ministairs_11, uniq_robin
D:5:      minmay_goblin_kobold_castle, layout_loops_ring,
          evilmike_ruin_ashenzari, tgw_xom, uniq_pikel, uniq_sigmund
D:6:      layout_basic, minmay_temple_entry_statues_fountains, uniq_duvessa,
          uniq_prince_ribbit1, uniq_menkaure
D:7:      layout_basic
D:8:      layout_layer_cave, nicolae_tso_carved_into_rock,
          grunt_temple_overflow_open
D:9:      minmay_the_grid_plus [minmay_the_grid_medium_cups,
          minmay_the_grid_garden, minmay_the_grid_stretched_grid,
          minmay_the_grid_minigrid_large,
          minmay_the_grid_prize_shrinking_boxes], layout_loops_cross
D:10:     layout_roguey, erik_orc_1, kennysheep_generic_room_5
D:11:     layout_irregular_city, grunt_lair_entry_orc_guard_hut
Orc:1:    layout_caves, minmay_orc_temple_b
Orc:2:    st_orc_congregation, layout_caves, basic_altar,
          nicolae_alphabet_shops, kennysheep_orc_chapel

Skill      XL: |  1  2  3  4  5  6  7  8  9 10 11 |
---------------+----------------------------------+-----
Fire Magic     | 3 4 5 6 |  6.9
Maces & Flails | 3 4 5 6 7 9 10 | 10.0
Spellcasting   | 2 3 4 5 6 7 |  7.1
Fighting       | 4 5 6 7 8 |  8.3
Armour         | 1 3 5 6 |  6.9
Evocations     | 2 3 |  3.9
Ice Magic      | 2 |  2.6
Dodging        | 1 |  1.0

Action                   |  1- 3 |  4- 6 |  7- 9 | 10-12 || total
-------------------------+-------+-------+-------+-------++-------
Melee: Mace              |   127 |   139 |    27 |       ||   293
       Whip              |       |       |   171 |   189 ||   360
       Tailslap          |       |       |       |    59 ||    59
       Dire flail        |       |       |       |   219 ||   219
Throw: Dart              |       |       |     1 |     1 ||     2
 Cast: Scorch            |     4 |    49 |   130 |   181 ||   364
Invok: Fiery Armour      |       |       |     1 |     1 ||     2
       Foxfire Swarm     |       |       |       |     1 ||     1
       Rising Flame      |       |       |       |     1 ||     1
Evoke: Wand              |       |       |     7 |    11 ||    18
  Use: Scroll            |       |     4 |     5 |    10 ||    19
       Potion            |       |     1 |     3 |     4 ||     8
 Stab: Sleeping          |     1 |       |       |       ||     1
       Paralysed         |       |       |       |     8 ||     8
       Petrifying        |       |       |       |     1 ||     1
Armor: Robe              |    36 |    62 |    56 |       ||   154
       Ring mail         |       |       |    27 |    64 ||    91
       Scale mail        |       |       |       |    88 ||    88
       Storm dragon scal |       |       |       |    79 ||    79
Dodge: Dodged            |    90 |    88 |   131 |   223 ||   532

Table legend: (Time is in decaauts)
 A = Elapsed time spent in this place.
 B = Non-inter-level travel time spent in this place.
 C = Inter-level travel time spent in this place.
 D = Time resting spent in this place.
 E = Time spent auto-exploring this place.
 F = Levels seen in this place.
 G = Mean time per level.
                   A        B        C        D        E       F      G
               +--------+--------+--------+--------+--------+-----+--------+
         Total |  21311 |  20968 |    343 |   8953 |   8389 |  14 | 1522.2 |
       Dungeon |  17235 |  16911 |    324 |   6711 |   7853 |  11 | 1566.8 |
  Orcish Mines |   3657 |   3638 |     19 |   2039 |    413 |   2 | 1828.5 |
         Sewer |    419 |    419 |      0 |    203 |    123 |   1 |  419.0 |
               +--------+--------+--------+--------+--------+-----+--------+

Top non-repeatable levels by time:
    D:10: 4223 daAuts
     D:5: 2898 daAuts
   Orc:1: 2025 daAuts
     D:8: 1815 daAuts
   Orc:2: 1631 daAuts
     D:1: 1571 daAuts
     D:2: 1548 daAuts
     D:7: 1309 daAuts
     D:6: 1231 daAuts
     D:4: 1177 daAuts
     D:3: 792 daAuts
     D:9: 610 daAuts
   Sewer: 419 daAuts
    D:11: 58 daAuts
